Description

8 min timing for Hydras into lurkers

Replay - 8 min hydra ling lurker

Build Order

Get SALT Encoding   

  12  0:00  Drone  
  13  0:16  Overlord  
  13  0:17  Drone  
  14  0:34  Drone x2  
  16  0:49  Hatchery  
  15  0:52  Drone x2  
  17  0:59  Drone  
  18  1:11  Extractor  
  18  1:16  Spawning Pool  
  18  1:18  Drone x2  
  18  1:31  Drone  
  19  1:44  Overlord  
  20  2:02  Zergling x2  
  20  2:04  Queen  
  22  2:20  Metabolic Boost  
  24  2:12  Queen  
  30  2:40  Queen  
  30  2:42  Hatchery  
  32  2:49  Overlord  
  40  3:16  Pneumatized Carapace  
  42  3:25  Overlord x2  
  56  3:57  Queen x2  
  60  4:05  Lair  
  61  4:16  Extractor x3  
  64  4:27  Zergling x4  
  66  4:46  Queen  
  66  4:47  Zergling x14  
  66  4:51  Extractor  
  81  5:20  Extractor  
  86  5:24  Hatchery  
  86  5:26  Hydralisk Den, Evolution Chamber x3  
  86  5:27  Baneling Nest  
  85  5:54  Zerg Missile Weapons Level 1, Zerg Melee Weapons Level 1, Zerg Ground Armor Level 1  
  85  5:55  Grooved Spines  
  85  5:56  Hydralisk x5  
  95  6:03  Hydralisk x3  
  104  6:32  Centrifugal Hooks  
  106  6:39  Overseer, Hydralisk x2  
  106  6:46  Lurker Den  
  120  7:01  Muscular Augments  
  128  7:06  Infestation Pit  
  133  7:14  Overseer x2  
  142  7:38  Hatchery  
  136  8:05  Lurker x5  
  136  8:10  Overseer x2  
  140  8:44  Hive  
  136  9:09  Extractor x2  
  155  9:19  Spire  
  154  9:28  Spore Crawler  
  154  9:30  Hatchery, Extractor x2  
Spawning Tool Build Advisor. Get it on Overwolf

Go to:

Details

  • Created by: carth3405
  • Published on: Aug 15, 2024
  • Modified on: Aug 16, 2024
  • Patch: 5.0.11
  • Difficulty: Medium
Show
View Real Time Build Order
Export as new Build Order

Comments (0)

There are no comments. Be the first!

Create an account to comment!